 Dungeon Crawl Stone Soup version 0.31-a0-996-g3b49de5836 (webtiles) character file.

Game seed: 4037352820400508885

96305 CrazyBamboolord the Eclecticist (level 15, -7/89 HPs)
             Began as a Deep Elf Necromancer on Nov 6, 2023.
             Was the Champion of Kikubaaqudgha.
             Splashed by a goliath frog's acid (9 damage)
             ... on level 2 of the Swamp on Nov 7, 2023.
             The game lasted 02:07:28 (25731 turns).

CrazyBamboolord the Eclecticist (DENe)             Turns: 25731, Time: 02:07:28

Health: -7/89      AC: 20    Str:  9    XL:     15   Next: 68%
Magic:  36/36      EV: 24    Int: 31    God:    Kikubaaqudgha [******]
Gold:   2895       SH:  0    Dex: 15    Spells: 5/44 levels left

rFire   . . .        W - +8 short sword "Bapnuoty" {heavy, rPois}
rCold   . . .        (no shield)
rNeg    . . .        R - +3 robe of the Land of Plenty {Rampage +Inv Str+4}
rPois   +            u - +2 helmet {Int+3}
rElec   .            x - +2 cloak {Will+}
rCorr   .            s - +1 pair of gloves
SInv    .            a - +2 pair of boots {Stlth+}
Will    ++...        f - amulet of magic regeneration
Stlth   ++++++       K - +4 ring of protection
HPRegen 0.34/turn    E - +5 ring of evasion
MPRegen 0.65/turn

%: rampage
@: no status effects
A: no striking features
a: Renounce Religion, Evoke Invisibility, Unearth Wretches, Torment


You were on level 2 of the Swamp.
You worshipped Kikubaaqudgha.
Kikubaaqudgha was exalted by your worship.
You visited 4 branches of the dungeon, and saw 22 of its levels.
You also visited: Sewer, Bailey and Volcano.

You collected 3881 gold pieces.
You spent 986 gold pieces at shops.

Inventory:

Hand Weapons
 O - the +4 sling of World Downfall {heavy, rF+++ Str+6 Dex-4}
   (You found it on level 11 of the Dungeon)

   Str+6:     It affects your strength (+6).
   Dex-4:     It affects your dexterity (-4).
   rF+++:     It renders you almost immune to fire.
 W - the +8 short sword "Bapnuoty" (weapon) {heavy, rPois}
   (You found it on level 2 of the Lair of Beasts)

   rPois:     It protects you from poison
Missiles
 A - 4 throwing nets
Armour
 a - a +2 pair of boots of stealth (worn)
 s - a +1 pair of gloves (worn)
 u - a +2 helmet of intelligence (worn)
 x - a +2 cloak of willpower (worn)
 H - a +2 helmet of see invisible
 M - an orb of energy
 N - a +2 robe of willpower
 R - the +3 robe of the Land of Plenty (worn) {Rampage +Inv Str+4}
   (You found it on level 5 of the Lair of Beasts)

   Str+4:     It affects your strength (+4).
   +Inv:      It lets you turn invisible.
   Rampage:   It bestows one free step when moving towards enemies.
Magical Staves
 e - a staff of earth
Jewellery
 f - an amulet of magic regeneration (around neck)
 y - an amulet of reflection
 E - a +5 ring of evasion (right hand)
 K - a +4 ring of protection (left hand)
 U - a ring of willpower
Wands
 n - a wand of mindburst (41)
 t - a wand of charming (10)
 F - a wand of quicksilver (35)
 G - a wand of digging (7)
 J - a wand of iceblast (19)
 Q - a wand of polymorph (3)
Scrolls
 j - 3 scrolls of butterflies
 k - 4 scrolls of immolation
 r - 6 scrolls of teleportation
 v - 3 scrolls of vulnerability
 C - 5 scrolls of silence
 D - 7 scrolls of fear
 I - a scroll of revelation
 S - a scroll of blinking
 T - 2 scrolls of poison
 Y - a scroll of torment
 Z - 4 scrolls of identify
Potions
 b - 3 potions of magic
 c - 3 potions of lignification
 d - a potion of enlightenment
 g - 8 potions of haste
 h - 5 potions of attraction
 i - 3 potions of brilliance
 l - 14 potions of curing
 m - 7 potions of ambrosia
 o - 3 potions of resistance
 p - 3 potions of cancellation
 q - 2 potions of invisibility
 w - 7 potions of might
 z - a potion of mutation
 L - 2 potions of heal wounds
 P - 5 potions of berserk rage
Miscellaneous
 X - a phantom mirror


   Skills:
 + Level 8.4 Fighting
 + Level 13.4 Dodging
 + Level 11.9 Stealth
 * Level 15.1 Spellcasting
 * Level 15.0 Hexes
 * Level 14.9 Necromancy
 - Level 8.0 Transmutations
 - Level 5.0 Fire Magic
 - Level 8.0 Earth Magic


You had 5 spell levels left.
You knew the following spells:

 Your Spells              Type           Power      Damage    Failure   Level
a - Death Channel         Necr           43%        N/A       1%          6
b - Vampiric Draining     Necr           86%        2d12      0%          3
c - Animate Dead          Necr           86%        N/A       1%          4
d - Inner Flame           Hex/Fire       71%        N/A       1%          3
e - Agony                 Necr           86%        N/A       1%          5
f - Dispel Undead         Necr           86%        3d28      1%          4
g - Anguish               Hex/Necr       43%        N/A       1%          4
h - Borgnjor's Vile Clut  Necr/Erth      38%        N/A       1%          5
i - Yara's Violent Unrav  Hex/Tmut       38%        3d15      1%          5

Your spell library contained the following spells:

 Spells                   Type           Power      Damage    Failure   Level
 Necrotise                Necr           100%       1d9       0%          1
 Jinxbite                 Hex            100%       N/A       0%          2
 Sublimation of Blood     Necr           86%        N/A       0%          2
 Confusing Touch          Hex            86%        N/A       0%          3
 Apportation              Tloc           46%        N/A       1%          1
 Kiss of Death            Conj/Necr      100%       2d13      1%          1
 Cigotuvi's Dreadful Rot  Necr/Pois/Air  100%       N/A       1%          2
 Wereblood                Tmut           65%        N/A       1%          2
 Dazzling Flash           Conj/Hex       100%       N/A       1%          3
 Summon Guardian Golem    Hex/Summ       63%        N/A       1%          3
 Volatile Blastmotes      Fire/Tloc      78%        2d16      1%          3
 Dimensional Bullseye     Hex/Tloc       31%        N/A       1%          4
 Petrify                  Tmut/Erth      65%        N/A       1%          4
 Lee's Rapid Deconstruct  Erth           32%        3d17*     1%          5
 Static Discharge         Conj/Air       46%        3-5/arc   3%          2
 Animate Armour           Summ/Erth      96%        N/A       3%          4
 Gell's Gravitas          Tloc           23%        N/A       6%          3
 Teleport Other           Tloc           23%        N/A       6%          3
 Alistair's Intoxication  Tmut/Pois      32%        N/A       11%         5
 Irradiate                Conj/Tmut      24%        3d19      11%         5
 Summon Lightning Spire   Summ/Air       23%        N/A       19%         4
 Arcjolt                  Conj/Air       11%        1d21      47%         5
 Enfeeble                 Hex            43%        N/A       3%          7
 Simulacrum               Ice/Necr       31%        N/A       14%         6
 Borgnjor's Revivificati  Necr           43%        N/A       26%         8
 Discord                  Hex            43%        N/A       26%         8
 Infestation              Necr           43%        N/A       26%         8
 Haunt                    Necr/Summ      31%        N/A       58%         7
 Starburst                Conj/Fire      19%        6d7       71%         6
 Dispersal                Tloc           11%        N/A       96%         6
 Death's Door             Necr           43%        N/A       99%         9
 Summon Hydra             Summ           11%        N/A       100%        7
 Maxwell's Capacitive Co  Air            11%        ∞         100%        8


Dungeon Overview and Level Annotations

Branches:
Dungeon (13/15)            Temple (0/1) D:6            Lair (5/5) D:11
  Swamp (2/4) Lair:3       Spider (0/4) Lair:3        Slime (0/5) Lair:5
    Orc (2/2) D:11            Elf (0/3) Orc:2         Sewer (visited)
 Bailey (visited)         Volcano (visited)
 Vaults: D:13-14

Altars:
Dithmenos
Kikubaaqudgha
Qazlal
Trog
Uskayaw
Wu Jian
Yredelemnul
Jiyva

Shops:
D:6 !   D:7 *[=   D:10 [   Orc:2 **:((

Annotations:
D:11 2 transporters, 1 exclusion, BinkBink's ghost, journeyman DEAE
D:13 1 runed translucent door, Wizop's ghost, journeyman DsSh
Swamp:2 1 runed translucent door


Message History

You enter the shallow water.
Moving in this stuff is going to be slow.
g - 8 potions of haste (gained 2)
You enter the shallow water.
Moving in this stuff is going to be slow.
Found a ring mail.
An eleionoma comes into view.
The eleionoma moves out of view.
Found a stone staircase leading up.
k - 4 scrolls of immolation (gained 1)
A goliath frog comes into view.
You enter the shallow water.
Moving in this stuff is going to be slow.
A will-o-the-wisp comes into view.
There is a stone staircase leading up here.
Found a scroll of blinking.
The will-o-the-wisp gives a chilling moan.
The goliath frog hits you!
You are splashed with acid!
The will-o-the-wisp gestures.
The will-o-the-wisp conjures some marshlight! 2 foxfires come into view.
The goliath frog misses you.
The foxfire moves out of view.
There is a stone staircase leading up here.
The foxfire hits you!! The goliath frog hits you from afar.
You are splashed with acid!
The foxfire dissipates!
You rampage towards the goliath frog!
You hit the goliath frog but do no damage.
Your punch misses the goliath frog. The goliath frog closely misses you.
The goliath frog hits you but does no damage.
The will-o-the-wisp gestures.
The will-o-the-wisp conjures some marshlight!
The eleionoma hurls a spray of splinters at you.
The spray of wooden splinters hits you!!
* * * LOW HITPOINT WARNING * * *
The goliath frog hits you!
* * * LOW HITPOINT WARNING * * *
You are splashed with acid!
You die...
Kikubaaqudgha rasps: "You have failed me!
Welcome... death!"

♣♣♣.~...♣.♣♣
♣~...~~~~~.♣♣
§..§§..§.~..♣♣
........♣~~~.♣♣
~..~~.§~.♣....♣
.~.~~vv.~~..~?~
...~~v.....♣ ~..~ ♣RF..♣
~..~♣♣.@~♣♣ .~
~~..~.~..♣~...♣ ♣♣♣ ♣.♣
.~..~~~§♣..§.♣♣ ♣♣.♣♣
♣♣~♣♣......~....♣♣ ~~.♣
♣..~.!..).~......♣♣ ♣~.♣
..........##.#..♣ ♣♣~~♣
~.♣..~.~...#..♣ ♣..>♣♣
♣...#~....#..♣♣ ♣♣~~..♣
♣♣♣...#.....#...♣♣♣..♣~~♣


You could see an eleionoma, a goliath frog and a will-o-the-wisp.

Vanquished Creatures
  Kirke (Swamp:1)
  2 eleionomae
  Nessos (D:13)
  A shambling mangrove (Lair:3)
  An entropy weaver (shapeshifter) (D:13)
  4 hydras
  2 alligators (Swamp:1)
  A centaur warrior (D:13)
  3 boulder beetles
  3 two-headed ogres
  4 death yaks (Lair:1)
  Urug (Lair:3)
  A hell hog (Volcano)
  A skyshark (Lair:3)
  A fire crab (Volcano)
  A spriggan rider (Swamp:1)
  A bog body (Swamp:2)
  A spriggan druid (Swamp:1)
  3 orc knights
  A deep elf pyromancer (D:13)
  A manticore (D:11)
  A will-o-the-wisp (Lair:3)
  An ugly thing (D:11)
  2 cyclopes (D:13)
  4 elephants (Lair:2)
  A black mamba (Lair:1)
  22 cane toads
  2 gargoyles
  A molten gargoyle (Volcano)
  Psyche (D:8)
  An unseen horror (D:10)
  4 komodo dragons
  Jeremiah (D:8)
  6 trolls
  2 polar bears
  3 tyrant leeches
  4 meliai
  A queen bee (Lair:4)
  5 hornets
  18 blink frogs
  2 slime creatures (D:13)
  A shadow (D:9)
  A spriggan (Swamp:2)
  A vampire (D:11)
  A wraith (D:11)
  6 fire bats (Volcano)
  43 yaks
  3 basilisks
  2 steam dragons (Volcano)
  5 wyverns
  3 hogs (Swamp:1)
  5 vampire mosquitoes
  3 wargs (Orc:1)
  A fire bat zombie (Volcano)
  A cane toad zombie (Lair:5)
  12 water moccasins
  A swamp drake (Swamp:1)
  23 orc warriors
  A sky beast (D:7)
  3 ice beasts
  A black bear (Lair:1)
  4 ogres
  14 wolves
  11 centaurs
  A phantom (D:6)
  8 kobold brigands
  The ghost of ripuliukko the Digger, an amateur GrEE (D:3)
  12 bullfrogs
  5 scorpions
  10 gnoll sergeants
  4 yak zombies
  37 killer bees
  7 howler monkeys
  An electric eel (Lair:3)
  5 lava snakes (Volcano)
  6 hounds
  4 jellies
  Crazy Yiuf (D:7)
  11 orc priests
  8 gnoll boudas
  2 sleepcaps (D:4)
  3 iguanas
  20 orc wizards
  16 killer bee zombies
  4 kobold zombies (D:9)
  A sky beast zombie (D:7)
  A hound zombie (Bailey)
  Robin (D:4)
  5 adders
  24 gnolls
  5 ufetubi
  An iguana zombie (D:6)
  5 orc zombies
  3 worms
  3 dart slugs
  50 orcs
  11 ball pythons
  5 endoplasms
  7 giant cockroaches
  13 goblins
  16 hobgoblins
  9 jackals
  3 quokkas
  2 bats (Sewer)
  4 frilled lizards
  8 gnoll zombies
  36 kobolds
  11 rats
653 creatures vanquished.

Vanquished Creatures (collateral kills)
  Mlioglotl (Swamp:1)
  A hydra (Lair:5)
  2 alligators (Swamp:1)
  A two-headed ogre (Orc:1)
  2 skysharks (Lair:5)
  2 goliath frogs
  A spriggan druid (Swamp:2)
  A swamp dragon (Swamp:2)
  2 slime creatures
  A bog body (Lair:3)
  2 orc knights (Orc:2)
  An ugly thing (D:13)
  A will-o-the-wisp (Swamp:1)
  2 elephants (Lair:2)
  6 cane toads
  A torpor snail (Lair:3)
  An unseen horror (D:13)
  A kobold demonologist (D:12)
  A meliai (Lair:4)
  A troll (D:12)
  A meliai (shapeshifter) (D:13)
  A polar bear (D:12)
  4 blink frogs (Lair:1)
  A fire bat (Volcano)
  A wyvern (Lair:5)
  20 yaks
  A hog (Swamp:1)
  A basilisk (Lair:3)
  3 vampire mosquitoes
  2 water moccasins
  4 swamp worms
  8 orc warriors
  An ogre (Orc:2)
  A centaur (Orc:2)
  A kobold brigand (D:12)
  2 bullfrogs
  10 killer bees
  A gnoll bouda (Bailey)
  4 orc priests
  3 jellies (Lair:5)
  5 orc wizards
  5 gnolls
  A shadow imp (D:6)
  A white imp (D:8)
  A dart slug (D:4)
  15 orcs
  A ball python (Sewer)
  A rat (Sewer)
131 creatures vanquished.

Vanquished Creatures (others)
  A thorn hunter (Swamp:2)
  2 bunyips (Swamp:1)
  4 hydras
  Erolcha (Orc:2)
  An alligator (Swamp:1)
  2 goliath frogs
  A bog body (Lair:3)
  2 alligator zombies (Swamp:1)
  A hell hog zombie (Volcano)
  2 orc knights
  A black mamba (Lair:5)
  A swamp worm zombie (Swamp:2)
  2 cane toads
  A meliai (D:12)
  3 hydra zombies
  3 tyrant leeches (Lair:5)
  A bloated husk (Swamp:1)
  A meliai zombie (Lair:4)
  5 blink frogs (Lair:5)
  7 yaks
  A spriggan zombie (Swamp:1)
  2 vampire mosquitoes (Lair:5)
  2 skyshark zombies
  4 fire bat zombies (Volcano)
  4 cane toad zombies
  A manticore zombie (D:11)
  16 orc warriors
  A wolf (Lair:3)
  2 blink frog zombies
  3 centaurs (Orc:2)
  2 vampire mosquito zombies (Swamp:1)
  A bullfrog (Lair:5)
  3 water moccasin zombies (Lair:5)
  13 yak zombies
  2 troll zombies (Orc:2)
  A wolf zombie (Lair:3)
  An electric eel (Lair:5)
  2 bullfrog zombies
  8 killer bee zombies
  A hound zombie (Bailey)
  A steam dragon zombie (Volcano)
  An ufetubus (D:5)
  10 gnoll zombies
  51 orc zombies
  14 orcs
  2 kobold zombies (D:9)
  6 foxfires
197 creatures vanquished.

Grand Total: 981 creatures vanquished

Notes
Turn   | Place    | Note
-------+----------+-------------------------------------------
     0 | D:1      | CrazyBamboolord the Deep Elf Necromancer began the quest
                  | for the Orb.
     0 | D:1      | Reached XP level 1. HP: 10/10 MP: 6/6
   415 | D:1      | Reached skill level 5 in Necromancy
   415 | D:1      | Reached XP level 2. HP: 15/15 MP: 4/8
   697 | D:1      | Found a faded altar of an unknown god.
   858 | D:1      | Reached XP level 3. HP: 19/19 MP: 8/10
   867 | D:1      | Learned a level 3 spell: Vampiric Draining
  1221 | D:2      | Reached skill level 1 in Fire Magic
  1592 | D:2      | Reached XP level 4. HP: 24/24 MP: 8/11
  1595 | D:2      | Reached skill level 1 in Hexes
  1631 | D:2      | Learned a level 4 spell: Animate Dead
  1778 | D:3      | Found a glowing drain.
  1782 | Sewer    | Entered a sewer
  1806 | Sewer    | Noticed a kobold brigand
  1814 | Sewer    | Killed a kobold brigand
  1815 | Sewer    | Reached XP level 5. HP: 23/28 MP: 8/13
  2248 | D:3      | Found a runed translucent door.
  2248 | D:3      | Noticed ripuliukko's ghost (amateur GrEE)
  2409 | D:3      | Reached XP level 6. HP: 33/33 MP: 12/14
  2848 | D:4      | Reached skill level 1 in Fighting
  2871 | D:4      | Reached skill level 5 in Spellcasting
  2999 | D:4      | Reached XP level 7. HP: 32/38 MP: 7/16
  3391 | D:4      | Noticed Robin
  3399 | D:4      | Killed Robin
  3757 | D:4      | Learned a level 3 spell: Inner Flame
  3758 | D:5      | Entered Level 5 of the Dungeon
  3826 | D:5      | Reached skill level 5 in Dodging
  3925 | D:5      | Reached XP level 8. HP: 44/44 MP: 12/19
  4109 | D:5      | Noticed a hornet
  4121 | D:5      | Killed a hornet
  4177 | D:5      | Learned a level 5 spell: Agony
  4381 | D:5      | Found a stormy altar of Qazlal.
  4382 | D:5      | Found a shadowy altar of Dithmenos.
  4386 | D:5      | Reached skill level 5 in Hexes
  4392 | D:5      | Found a hide-covered altar of Uskayaw.
  4397 | D:5      | Found an ancient bone altar of Kikubaaqudgha.
  4401 | D:5      | Became a worshipper of Kikubaaqudgha
  4489 | D:5      | Learned a level 4 spell: Dispel Undead
  4653 | D:6      | Reached skill level 5 in Stealth
  4707 | D:6      | Found a staircase to the Ecumenical Temple.
  4823 | D:6      | Reached XP level 9. HP: 49/49 MP: 2/21
  5084 | D:6      | Reached skill level 5 in Fire Magic
  5205 | D:6      | Found Niah's Distillery.
  5210 | D:6      | Bought 2 potions of curing for 66 gold pieces
  5210 | D:6      | Bought a potion of haste for 110 gold pieces
  5210 | D:6      | Bought a potion of heal wounds for 55 gold pieces
  5210 | D:6      | Bought a potion of curing for 33 gold pieces
  5210 | D:6      | Bought a potion of brilliance for 44 gold pieces
  5355 | D:7      | Found Ongoas's Antique Armour Emporium.
  5355 | D:7      | Found Romnoev's Jewellery Emporium.
  5357 | D:7      | Found Totiller's General Store.
  5582 | D:7      | Found a runed translucent door.
  5583 | D:7      | Noticed Crazy Yiuf
  5707 | D:7      | Reached * piety under Kikubaaqudgha
  5707 | D:7      | Received a gift from Kikubaaqudgha
  6054 | D:7      | Killed Crazy Yiuf
  6279 | D:8      | Noticed Jeremiah
  6287 | D:8      | Killed Jeremiah
  6304 | D:8      | Learned a level 3 spell: Confusing Touch
  6561 | D:8      | Reached XP level 10. HP: 29/56 MP: 17/24
  6689 | D:8      | Noticed Psyche
  6693 | D:8      | Noticed a two-headed ogre
  6706 | D:8      | Killed Psyche
  6710 | D:8      | Killed a two-headed ogre
  6831 | D:8      | Reached ** piety under Kikubaaqudgha
  7708 | D:7      | Bought a potion of resistance for 120 gold pieces
  7708 | D:7      | Bought a potion of might for 48 gold pieces
  7740 | Bailey   | Identified the "Dyfaucacw"
  7768 | D:9      | Found a flagged portal.
  7793 | Bailey   | Entered a bailey
  8356 | Bailey   | Reached *** piety under Kikubaaqudgha
  8356 | Bailey   | Received a gift from Kikubaaqudgha
  8556 | Bailey   | Learned a level 5 spell: Borgnjor's Vile Clutch
  8620 | D:9      | Found a basalt altar of Yredelemnul.
  8760 | D:9      | Reached skill level 10 in Spellcasting
  8791 | D:9      | Noticed a two-headed ogre
  8801 | D:9      | Killed a two-headed ogre
  8802 | D:9      | Reached skill level 1 in Transmutations
  8802 | D:9      | Reached skill level 1 in Earth Magic
  8953 | D:9      | Identified the +0 morningstar "Kuomoirchit" {drain, rElec
                  | rF+}
  9070 | D:9      | Noticed a two-headed ogre
  9081 | D:9      | Killed a two-headed ogre
  9082 | D:9      | Reached skill level 10 in Necromancy
  9082 | D:9      | Reached XP level 11. HP: 61/61 MP: 25/27
  9487 | D:10     | Entered Level 10 of the Dungeon
  9573 | D:10     | Found Oxecky's Armour Shop.
  9937 | D:10     | Reached **** piety under Kikubaaqudgha
 10293 | D:3      | Killed ripuliukko's ghost
 10460 | D:11     | Noticed a boulder beetle
 10470 | D:11     | Killed a boulder beetle
 10521 | D:11     | Found a staircase to the Lair.
 10579 | D:11     | Found a transporter.
 10589 | D:11     | Found a transporter.
 10666 | D:11     | Noticed BinkBink's ghost (journeyman DEAE)
 10738 | D:11     | Identified the +4 sling of World Downfall {heavy, rF+++
                  | Str+6 Dex-4}
 10882 | D:11     | Noticed a boulder beetle
 10925 | D:11     | Killed a boulder beetle
 10929 | D:11     | Noticed a cyan ugly thing
 10935 | D:11     | Killed a cyan ugly thing
 11180 | D:11     | Reached skill level 10 in Dodging
 11252 | D:11     | Found a staircase to the Orcish Mines.
 11337 | D:11     | Found an ornate altar of the Wu Jian Council.
 11480 | Lair:1   | Entered Level 1 of the Lair of Beasts
 11485 | Lair:1   | Identified a scroll of acquirement
 11485 | Lair:1   | Acquired a +2 pair of boots of stealth
 11611 | Lair:1   | Reached ***** piety under Kikubaaqudgha
 11734 | D:10     | Bought a +1 cloak of willpower for 264 gold pieces
 11746 | D:10     | Upgraded the game from 0.31-a0-995-g04711c9635 to
                  | 0.31-a0-996-g3b49de5836
 12112 | Lair:1   | Reached XP level 12. HP: 68/68 MP: 1/29
 12262 | Lair:1   | Learned a level 5 spell: Yara's Violent Unravelling
 12355 | Lair:1   | Identified the of Eteilept (You acquired it on level 1 of
                  | the Lair of Beasts)
 12355 | Lair:1   | Acquired the Excursus on Misfortune and Command
 12512 | Lair:1   | Reached skill level 10 in Hexes
 12741 | Lair:1   | Reached skill level 5 in Fighting
 12849 | Lair:1   | Reached skill level 5 in Transmutations
 12849 | Lair:1   | Reached skill level 5 in Earth Magic
 13239 | Lair:2   | Found a dark tunnel.
 13244 | Volcano  | Entered a volcano
 13650 | Volcano  | Found a burning altar of Makhleb.
 13650 | Volcano  | Noticed a hell hog
 13671 | Volcano  | Killed a hell hog
 14227 | Lair:2   | Reached XP level 13. HP: 63/73 MP: 14/31
 14350 | Lair:2   | You fall into a shaft and drop 2 floors!
 14525 | Lair:4   | Identified the +3 chain mail of the Nine Priests {Contam
                  | rF+ rN+++ Int+4}
 15088 | Lair:1   | Learned a level 4 spell: Anguish
 15535 | Lair:2   | Identified the +8 short sword "Bapnuoty" {heavy, rPois}
 15623 | Lair:2   | Acquired 1080 gold pieces
 16056 | Lair:3   | Found a hole to the Spider Nest.
 16142 | Lair:3   | Noticed Urug
 16152 | Lair:3   | Killed Urug
 16510 | Lair:3   | Reached ****** piety under Kikubaaqudgha
 17076 | Lair:3   | Found a staircase to the Swamp.
 17143 | Lair:3   | Reached skill level 10 in Stealth
 17996 | Lair:4   | Reached XP level 14. HP: 72/80 MP: 4/32
 18130 | Lair:5   | Entered Level 5 of the Lair of Beasts
 18294 | Lair:5   | Found a viscous altar of Jiyva.
 18303 | Lair:5   | Found a staircase to the Slime Pits.
 18714 | Lair:5   | Identified the +3 robe of the Land of Plenty {Rampage +Inv
                  | Str+4}
 19391 | Lair:5   | Learned a level 6 spell: Death Channel
 19621 | Orc:1    | Entered Level 1 of the Orcish Mines
 19936 | Orc:2    | Entered Level 2 of the Orcish Mines
 20219 | Orc:2    | Found a staircase to the Elven Halls.
 20444 | Orc:2    | Found Qaudibb's Book Emporium.
 20444 | Orc:2    | Found Sautzoqo's General Store.
 20446 | Orc:2    | Found Cat Hiock's Assorted Antiques.
 20448 | Orc:2    | Found Vyehof's Weapon Shoppe.
 20455 | Orc:2    | Bought a potion of curing for 81 gold pieces
 20455 | Orc:2    | Bought a scroll of teleportation for 81 gold pieces
 20457 | Orc:2    | Bought a potion of lignification for 36 gold pieces
 20457 | Orc:2    | Bought a potion of might for 48 gold pieces
 20698 | Orc:2    | Noticed Erolcha
 20712 | Orc:2    | Killed Erolcha
 20849 | Orc:2    | Found Dosch's Weapon Boutique.
 22081 | D:12     | Found a bloodstained altar of Trog.
 22415 | D:13     | Received a gift from Kikubaaqudgha (forbidden knowledge)
 22929 | D:13     | Reached XP level 15. HP: 70/88 MP: 20/35
 23430 | D:13     | Found a runed translucent door.
 23434 | D:13     | Noticed Nessos
 23447 | D:13     | Killed Nessos
 23544 | D:13     | Identified the +4 spear "Uhead Voob" {antimagic, Will+}
 23544 | D:13     | Noticed Wizop's ghost (journeyman DsSh)
 23838 | Swamp:1  | Entered Level 1 of the Swamp
 24095 | Lair:3   | Paralysed by a hornet for 1 turns
 24498 | Swamp:1  | Noticed Kirke
 24508 | Swamp:1  | Noticed Mlioglotl
 24515 | Swamp:1  | Killed Kirke
 24517 | Swamp:1  | Killed Mlioglotl
 25163 | Swamp:2  | Reached skill level 15 in Spellcasting
 25343 | Swamp:2  | Noticed a thorn hunter
 25351 | Swamp:2  | Killed a thorn hunter
 25413 | Swamp:2  | Found a runed translucent door.
 25654 | Swamp:2  | Reached skill level 15 in Hexes
 25731 | Swamp:2  | HP: 2/89 [goliath frog (10)]
 25731 | Swamp:2  | Splashed by a goliath frog's acid

Illustrated notes

Levels and vault maps discovered:
D:1:      dpeg_arrival_oval, layout_basic, dreamdust_ecumenical_altar_statues
D:2:      layout_loops_ring, minmay_split_cup_large
D:3:      layout_loops_cross, gammafunk_ghost_grave, gup_sewer_entry_spiral
D:4:      layout_basic, kennysheep_windowed_goal, uniq_robin
D:5:      layout_basic, grunt_temple_overflow_cloverleaf
D:6:      layout_loops_ring, minmay_temple_entry_statues_pillars, serial_shops,
          shop, minmay_circle_x
D:7:      layout_gridville, nicolae_shop_distant_corner_stores,
          uniq_crazy_yiuf_cottage
D:8:      layout_basic, uniq_psyche, uniq_jeremiah
D:9:      layout_roguey, yredelemnul_altar_generic, enter_bailey_3
D:10:     layout_loops_ring, serial_shops, nicolae_square_shop
D:11:     layout_basic, dpeg_oklobed_lair, david_orc_4,
          gammafunk_ghost_abyssal_escape, nicolae_wu_jian_glorious_leap
D:12:     layout_loops_ring, minmay_misc_feat_pillars, minivault_21,
          trog_ov_bears_minmay
D:13:     layout_irregular_city, ebering_ghost_funeral_grove, uniq_nessos
Lair:1:   layout_gridlike, grunt_forest_stairs_basic, grunt_megastairs_1
Lair:2:   layout_regular_city, enter_volcano_1, lemuel_old_faithful
Lair:3:   layout_cave_pods, nicolae_swamp_entry_splash_gauntlet,
          spider_nest_entry_web_field, uniq_urug
Lair:4:   layout_cave_pods, special_room [special_room_bee],
          infiniplex_staircase_pool_2
Lair:5:   minmay_lair_end_frog_pond, layout_long_grid,
          nicolae_slime_entry_field_trip
Swamp:1:  layout_basic_swamp, hangedman_swamp_ruin_wall, swamp_pool_4,
          hangedman_swamp_diagram, uniq_mlioglotl, uniq_kirke
Swamp:2:  layout_falls_marsh, ebering_ghost_reflecting_pool,
          evilmike_swamp_ruin_house_5
Orc:1:    cheibrodos_orc_arena, layout_diamond_mine, basic_altar
Orc:2:    st_orc_rangers, layout_caves, serial_shops, nicolae_shop_tiny_glass,
          uniq_erolcha

Skill      XL: |  1  2  3  4  5  6  7  8  9 10 11 12 13 14 15 |
---------------+----------------------------------------------+-----
Necromancy     | 5 6 7 8 10 11 12 14 | 14.9
Dodging        | 3 4 5 6 7 9 10 11 12 13 | 13.4
Fire Magic     | 1 2 3 4 5 |  5.0
Hexes          | 1 2 3 4 5 7 8 9 11 12 13 15 | 15.0
Stealth        | 3 4 5 6 7 8 9 10 11 | 11.9
Spellcasting   | 4 5 6 7 8 10 11 12 14 15 | 15.1
Fighting       | 1 2 3 4 5 6 7 8 |  8.4
Transmutations | 1 4 6 7 8 |  8.0
Earth Magic    | 1 4 6 7 8 |  8.0

Action                     |  1- 3 |  4- 6 |  7- 9 | 10-12 | 13-15 || total
---------------------------+-------+-------+-------+-------+-------++-------
  Melee: Long sword        |       |       |    38 |    13 |       ||    51
         Short sword       |       |       |       |   138 |   225 ||   363
         Punch             |       |       |       |     2 |     4 ||     6
   Fire: Sling             |       |       |       |    52 |     5 ||    57
   Cast: Necrotise         |    81 |    81 |   192 |   110 |     1 ||   465
         Vampiric Draining |       |    11 |    47 |   222 |   241 ||   521
         Inner Flame       |       |       |    19 |    33 |    13 ||    65
         Animate Dead      |       |       |     4 |    12 |    21 ||    37
         Dispel Undead     |       |       |     1 |     5 |     4 ||    10
         Agony             |       |       |     4 |     9 |    26 ||    39
         Confusing Touch   |       |       |       |     4 |       ||     4
         Borgnjor's Vile C |       |       |       |    19 |    69 ||    88
         Yara's Violent Un |       |       |       |     9 |    38 ||    47
         Anguish           |       |       |       |       |   118 ||   118
         Death Channel     |       |       |       |       |    15 ||    15
 Invoke: Unearth Wretches  |       |       |       |     1 |     3 ||     4
         Receive Forbidden |       |       |       |       |     1 ||     1
  Evoke: Wand              |       |       |     3 |     5 |    11 ||    19
    Use: Scroll            |       |     6 |     6 |    14 |    15 ||    41
         Potion            |       |       |       |     3 |     3 ||     6
   Stab: Sleeping          |       |       |     1 |     7 |    12 ||    20
         Paralysed         |       |       |       |     2 |     3 ||     5
         Distracted        |       |       |       |     1 |     6 ||     7
         Confused          |       |       |       |     1 |       ||     1
 Armour: Robe              |    10 |    35 |     5 |   263 |   506 ||   819
         Animal skin       |       |       |   110 |    13 |       ||   123
         Skin              |       |       |       |     2 |       ||     2
  Dodge: Dodged            |    14 |    34 |   236 |   514 |  1043 ||  1841

Table legend: (Time is in decaauts)
 A = Elapsed time spent in this place.
 B = Non-inter-level travel time spent in this place.
 C = Inter-level travel time spent in this place.
 D = Time resting spent in this place.
 E = Time spent auto-exploring this place.
 F = Levels seen in this place.
 G = Mean time per level.
                   A        B        C        D        E       F      G
               +--------+--------+--------+--------+--------+-----+--------+
         Total |  26110 |  24233 |   1877 |   3848 |  14659 |  25 | 1044.4 |
       Dungeon |  12926 |  11751 |   1175 |   1385 |   8006 |  13 |  994.3 |
          Lair |   7515 |   7008 |    507 |   1284 |   4069 |   5 | 1503.0 |
         Swamp |   1584 |   1569 |     15 |    421 |    877 |   2 |  792.0 |
  Orcish Mines |   2011 |   1834 |    177 |    279 |   1105 |   2 | 1005.5 |
         Sewer |    368 |    368 |      0 |      0 |    208 |   1 |  368.0 |
        Bailey |    803 |    803 |      0 |    398 |      0 |   1 |  803.0 |
       Volcano |    901 |    901 |      0 |     81 |    392 |   1 |  901.0 |
               +--------+--------+--------+--------+--------+-----+--------+

Top non-repeatable levels by time:
  Lair:3: 1960 daAuts
  Lair:1: 1672 daAuts
     D:8: 1498 daAuts
    D:11: 1398 daAuts
  Lair:5: 1355 daAuts
  Lair:4: 1296 daAuts
  Lair:2: 1230 daAuts
   Orc:2: 1106 daAuts
    D:12: 1104 daAuts
     D:1: 1039 daAuts
     D:7: 1024 daAuts
     D:4: 1018 daAuts
    D:13: 1011 daAuts
   Orc:1: 904 daAuts
 Volcano: 901 daAuts
